Arrhythmia, neutral female human Tourist ... -.... ..<.. |)-- |h| |@| |h| Arrhythmia the Excursionist Experience level: 7 Strength: 14 Dexterity: 13 Constitution: 17 Intelligence: 14 Wisdom: 6 Charisma: 14 Health: 0(59) Energy: 22(22) AC: 8 Gold: 442 Moves: 4309 Your Inventory: Coins $ - 442 gold pieces Weapons c - 6 [uncursed +0] darts D - an [uncursed -2] dagger M - an [uncursed +0] runed dagger [elven] (weapon in hand) Armor g - a [cursed +0] pair of hard shoes [iron] j - a blessed rotted +0 Hawaiian shirt (being worn) m - an uncursed rotted +0 leather hat [elven leather helm] (being worn) p - an uncursed +0 cloak called Oilskin [oilskin] E - an [uncursed +0] hooded cloak [dwarvish] G - an uncursed +0 pair of hard shoes [iron] (being worn) N - an [uncursed +1] mummy wrapping Z - an [uncursed] +0 pair of combat boots [kicking] Comestibles b - 3 uncursed food rations d - an uncursed tripe ration Scrolls z - 3 [uncursed] unlabeled scrolls [of blank paper] A - a [blessed] unlabeled scroll [of blank paper] Q - an [uncursed] scroll labeled ABRA KA DABRA [of teleportation] S - an [uncursed] scroll labeled MAPIRO MAHAMA DIROMAT [of taming] T - an [uncursed] scroll labeled GNIK SISI VLE [of food detection] Potions e - an [uncursed] ruby potion [of confusion] f - a [blessed] indigo potion [of booze] h - an uncursed potion of extra healing P - an [uncursed] sparkling potion [of levitation] U - 2 [uncursed] clear potions [of water] V - an [uncursed] dark potion [of healing] W - an [uncursed] silver potion [of monster detection] Y - a [cursed] squishy potion [of hallucination] Tools k - an uncursed expensive camera (0:88) q - an [uncursed tallow] candle y - an [uncursed] key [skeleton key] F - an [uncursed] blindfold J - an [uncursed tin] whistle Gems i - an [uncursed] blue gem [worthless glass] l - 2 [uncursed] rocks n - an [uncursed] white gem [worthless glass] r - an [uncursed] red gem [worthless glass] K - an [uncursed] yellowish brown gem [worthless glass] X - an [uncursed] orange gem [worthless glass] Spells known in the end: Name Level Category Fail Memory Your skills at the end: Fighting Skills Weapon Skills dart [Basic / Expert] Spellcasting Skills Final Attributes: You were piously aligned. Hunger level was 303. Your alignment was 31 / 31. Monster difficulty range was 1 - 6. Level difficulty was 6. Your luck was zero. You are dead. Vanquished creatures: a dwarf mummy a gnome mummy a snake an imp 2 Uruk-hai 7 enormous rats a shrieker 2 gnome lords a black naga hatchling an elf zombie 2 straw golems a paper golem a kitten 2 dwarves a kobold lord a kobold shaman 2 rothes a centipede an orc zombie an iguana a gas spore a hobbit 2 large kobolds a hobgoblin 3 giant rats 3 cave spiders a red mold 17 gnomes 3 garter snakes a gnome zombie 4 geckos 9 jackals 2 foxes a kobold 2 goblins 6 sewer rats 4 grid bugs 4 lichens 9 newts 105 creatures vanquished. Voluntary challenges: You used a wielded weapon 13 times. You read items or engraved 844 times. You put on armor 12 times. You never genocided any monsters. You never polymorphed an object. You never changed form. You used no wishes. You wrote Elbereth's name 91 times. You never encountered a bones level. You never used any Sokoban shortcuts. Dungeon overview: The Dungeons of Doom: levels 1 to 4 Level 1 an altar a long staircase Level 2 a general store Level 3 a scroll shop, a fountain Level 4 a fountain stairs to The Gnomish Mines The Gnomish Mines: levels 5 to 6 Level 5 (Magic trap) stairs to The Dungeons of Doom Level 6 <- You were here History has recorded: On T:1 you entered the Dungeons of Doom to retrieve the Amulet of Yendor! On T:406 you reached level 2 of The Dungeons of Doom. On T:746 you advanced to experience level 2. On T:852 you advanced to experience level 3. On T:931 you advanced to experience level 4. On T:1022 you reached level 3 of The Dungeons of Doom. On T:1356 you reached level 4 of The Dungeons of Doom. On T:1376 you advanced to experience level 5. On T:2307 you advanced to experience level 6. On T:2480 you reached level 1 of The Gnomish Mines. On T:2950 you advanced to experience level 7. On T:3957 you reached level 2 of The Gnomish Mines. Latest messages: Your dagger gets dull. [HP+1=48] The dwarf swings his pick-axe. The dwarf hits! You finish engraving. [HP-13=35] [3 turns] That ammunition is already readied! The dart misses the dwarf. You cannot wipe out the message that is engraved in the floor here. The dwarf thrusts his broad short sword. The dwarf hits! The dwarf swings his pick-axe. The dwarf hits! [HP-18=17] You miss the dwarf. You hit the dwarf. The dwarf thrusts his broad short sword. The dwarf hits! The dwarf swings his pick-axe. The dwarf hits! You die... Final status: Aloha Arrhythmia the Tourist... You died in The Gnomish Mines on dungeon level 6 with 2902 points, and 442 pieces of gold, after 4309 moves. You were level 7 with a maximum of 59 hit points when you died.